 Dungeon Crawl Stone Soup version 0.31-a0-675-g238779eb0a (webtiles) character file.

Game seed: 5116685299675189345

315 qw the Shooter (level 6, 0/37 HPs)
             Began as a Gargoyle Hunter on Sept 5, 2023.
             Slain by Ijyb
             ... wielding a +0 dagger
              (2 damage)
             ... on level 3 of the Dungeon.
             The game lasted 00:00:56 (1970 turns).

qw the Shooter (Gargoyle Hunter)                    Turns: 1970, Time: 00:00:57

Health: 0/37       AC:  9    Str: 14    XL:     6   Next: 44%
Magic:  6/6        EV: 10    Int: 10    God:
Gold:   90         SH:  0    Dex: 15    Spells: 5/5 levels left

rFire   . . .        Y - +1 shortbow
rCold   . . .        (shield currently unavailable)
rNeg    + . .        e - +0 ring mail
rPois   inf          (no helmet)
rElec   +            (no cloak)
rCorr   +            (no gloves)
SInv    .            (no boots)
Will    .....        (no amulet)
Stlth   +            i - ring of resist corrosion
HPRegen 0.26/turn    (no ring)
MPRegen 0.10/turn

%: no passive effects
@: no status effects
A: sickness immunity, AC +4, negative energy resistance 1, electricity
resistance, torment resistance 1, petrification resistance
a: no special abilities


You were on level 3 of the Dungeon.
You visited 1 branch of the dungeon, and saw 3 of its levels.

You collected 90 gold pieces.


Innate Abilities, Weirdness & Mutations

You are immune to sickness and miasma.
Your stone body is resilient. (AC +4)
You are immune to poison.
You resist negative energy. (rN+)
You are resistant to electric shocks. (rElec)
You are resistant to unholy torment.
You are immune to petrification.


   Skills:
 + Level 3.4 Fighting
 - Level 7.0 Ranged Weapons
 - Level 1.0 Armour
 - Level 1.5 Dodging
 - Level 1.1 Stealth


You had 5 spell levels left.
You didn't know any spells.
Your spell library was empty.

Inventory:

Hand Weapons
 Y - a +1 shortbow (weapon)
Armour
 e - a +0 ring mail (worn)
Jewellery
 i - a ring of resist corrosion (left hand)
Scrolls
 a - a scroll of identify
 b - a scroll of silence {unknown}
Potions
 g - a potion of resistance {unknown}
 h - a potion of berserk rage {unknown}
 n - 2 potions of curing

Dungeon Overview and Level Annotations

Branches:
Dungeon (3/15)

Altars:

Annotations:
D:3 Ijyb, Terence


Message History

You shoot an arrow. The arrow hits Terence.
Terence is moderately wounded.
Terence hits you with a +0 flail.
You shoot an arrow.
The arrow hits Terence but does no damage.
Terence is moderately wounded.
Terence hits you but does no damage.
You shoot an arrow. The arrow hits Terence.
Terence is heavily wounded.
Terence hits you with a +0 flail!
You shoot an arrow.
The arrow hits Terence but does no damage.
Terence is heavily wounded.
Terence closely misses you. Terence hits you with a +0 flail!
You shoot an arrow. The arrow barely misses Terence.
Terence says, "Rest in peace."
Terence hits you with a +0 flail.
You shoot an arrow. The arrow hits Terence.
Terence is severely wounded.
Terence hits you with a +0 flail.
1965 ||| READING scroll of teleportation.
As you read the scroll of teleportation, it crumbles to dust.
You feel strangely unstable.
Terence says, "Rest in peace."
Terence hits you with a +0 flail.
You shoot an arrow. The arrow hits Terence.
Terence is almost dead.
Terence hits you with a +0 flail.
You shoot an arrow. The arrow closely misses Terence.
Your surroundings suddenly seem different.
Ijyb the Twisted Goblin comes into view.
She is wielding a +0 dagger and carrying a wand of mindburst.
You shoot an arrow. The arrow hits Ijyb.
Ijyb shouts!
Ijyb is lightly wounded.
You shoot an arrow. The arrow hits Ijyb.
Ijyb is lightly wounded.
Ijyb hits you but does no damage.
You shoot an arrow. The arrow barely misses Ijyb.
Ijyb zaps a wand.
You barely resist. Ijyb hits you with a +0 dagger.
You die...

######+##
#.......#
#.......#
#.......#
#.......##
#.........
#.......#
#.@.....#
#.g.....#
#.......#
#.......#
#########


You could see Ijyb.

Vanquished Creatures
  Sigmund (D:3)
  Jessica (D:3)
  3 adders
  4 gnolls (D:2)
  A dart slug (D:1)
  10 ball pythons
  6 endoplasms
  3 giant cockroaches
  3 goblins
  8 hobgoblins
  7 jackals
  4 quokkas (D:1)
  4 bats
  2 frilled lizards
  7 kobolds
  5 rats
69 creatures vanquished.

Notes
Turn   | Place    | Note
-------+----------+-------------------------------------------
     0 | D:1      | qw the Gargoyle Hunter began the quest for the Orb.
     0 | D:1      | Reached XP level 1. HP: 12/12 MP: 1/1
     0 | D:1      | 0 ||| qw: Version: 0.3-a-75-g829b12e
     0 | D:1      | 0 ||| qw: Game counter: 111
     0 | D:1      | 0 ||| qw: Melee chars always use a shield: true
     0 | D:1      | 0 ||| qw: God list: Okawaru
     0 | D:1      | 0 ||| qw: Allow faded altars: false
     0 | D:1      | 0 ||| qw: Do Orc after clearing Dungeon:15 true
     0 | D:1      | 0 ||| qw: Do second Lair branch before Depths: true
     0 | D:1      | 0 ||| qw: Lair rune preference: random
     0 | D:1      | 0 ||| qw: Goals: Normal
     0 | D:1      | 0 ||| PLANNING D:1-11
   176 | D:1      | Reached XP level 2. HP: 17/17 MP: 2/2
   176 | D:1      | Found a faded altar of an unknown god.
   306 | D:1      | Reached XP level 3. HP: 21/21 MP: 3/3
   409 | D:1      | Reached skill level 5 in Ranged Weapons
   793 | D:1      | 793 ||| UPGRADING to +0 ring mail.
   803 | D:1      | 803 ||| DROPPING +0 leather armour.
   804 | D:1      | 804 ||| READING scroll labelled YBLUGO TUIWKACZA.
   805 | D:1      | 805 ||| READING 2 scrolls labelled TOJILE UCHAR.
   810 | D:1      | 810 ||| READING scroll labelled RUYPSI GUPTU.
   811 | D:1      | 811 ||| READING scroll labelled LOCKANL CEOSIGYI.
   812 | D:1      | 812 ||| READING scroll labelled TED MO NUETRO.
   828 | D:1      | 828 ||| READING scroll labelled MAUHEE FENLOURGH.
   829 | D:1      | 829 ||| READING scroll labelled EPETAILYXI.
   830 | D:1      | 830 ||| DROPPING scroll of butterflies.
   950 | D:2      | Reached skill level 1 in Armour
   958 | D:2      | Reached XP level 4. HP: 21/27 MP: 4/4
   960 | D:2      | Reached skill level 3 in Fighting
  1470 | D:2      | 1470 ||| RETREATING.
  1626 | D:2      | Reached XP level 5. HP: 30/32 MP: 5/5
  1650 | D:2      | 1650 ||| DROPPING +6 ring of intelligence.
  1651 | D:2      | 1651 ||| UPGRADING to ring of resist corrosion.
  1652 | D:2      | 1652 ||| READING scroll labelled ROCLOE ZEXZIEX.
  1653 | D:2      | 1653 ||| READING scroll labelled TAAXAEMAYW.
  1654 | D:2      | 1654 ||| READING scroll labelled TAITHUZYFI.
  1655 | D:2      | 1655 ||| DRINKING 2 cyan potions.
  1721 | D:3      | Noticed Sigmund
  1737 | D:3      | Killed Sigmund
  1738 | D:3      | Reached skill level 7 in Ranged Weapons
  1738 | D:3      | Reached XP level 6. HP: 18/37 MP: 6/6
  1936 | D:3      | Noticed Jessica
  1939 | D:3      | Killed Jessica
  1952 | D:3      | Noticed Terence
  1964 | D:3      | HP: 9/37 [Terence/+0 flail (4)]
  1965 | D:3      | 1965 ||| READING scroll of teleportation.
  1966 | D:3      | HP: 1/37 [Terence/+0 flail (4)]
  1967 | D:3      | Noticed Ijyb
  1970 | D:3      | Slain by Ijyb

Levels and vault maps discovered:
D:1:      saegor_arrival_fortress, layout_basic,
          nicolae_ecumenical_snake_handling, st_stairs_5
D:2:      layout_basic, dreamdust_princess_corridor, nicolae_underground_beach
D:3:      layout_basic, uniq_sigmund, uniq_ijyb, uniq_terence, uniq_jessica

Skill      XL: |  1  2  3  4  5 |
---------------+----------------+-----
Ranged Weapons | 5 7 |  7.0
Armour         | 1 |  1.0
Fighting       | 3 |  3.4
Dodging        | |  1.5
Stealth        | |  1.1

Action                     |  1- 3 |  4- 6 || total
---------------------------+-------+-------++-------
   Fire: Shortbow          |   136 |   111 ||   247
    Use: Scroll            |     7 |     4 ||    11
         Potion            |       |     1 ||     1
 Armour: Leather armour    |    24 |       ||    24
         Ring mail         |    15 |    44 ||    59
  Dodge: Dodged            |    42 |    29 ||    71

Table legend:
 A = Non-vault XP
 B = Vault XP
 C = Vault XP percentage of total XP
 D = Non-vault monster count
 E = Vault monster count
 F = Vault count percentage of total count
                 A         B        C        D         E       F
            +---------+---------+-------+---------+---------+-------
      Total |     193 |     258 |  57.2 |      63 |       6 |   8.7
            +---------+---------+-------+---------+---------+-------
        D:1 |      57 |       7 |  10.9 |      32 |       4 |  11.1
        D:2 |     117 |       0 |   0.0 |      27 |       0 |   0.0
        D:3 |      19 |     251 |  93.0 |       4 |       2 |  33.3
            +---------+---------+-------+---------+---------+-------
